 Dungeon Crawl Stone Soup version 0.18.1-50-g88ac8fd (webtiles) character file.

9 Goblin1989 the Firebug (level 2, 8/19 HPs)
             Began as a Demonspawn Fire Elementalist on Sept 18, 2017.
             Quit the game on level 1 of the Dungeon.
             The game lasted 00:02:30 (318 turns).

Goblin1989 the Firebug (DsFE)                        Turns: 318, Time: 00:02:31

Health: 8/19       AC:  2    Str:  8    XL:     2   Next: 3%
Magic:  1/5        EV: 12    Int: 16    God:
Gold:   0          SH:  0    Dex: 13    Spells: 1 memorised, 4 levels left

rFire  . . .     SeeInvis .     h - +0 club
rCold  . . .     Gourm    .     a - +0 robe
rNeg   . . .     Faith    .     (no shield)
rPois  .         Spirit   .     (no helmet)
rElec  .         Dismiss  .     (no cloak)
rCorr  .         Reflect  .     (no gloves)
SustAt .         Harm     .     (no boots)
MR     .....                    g - amulet of magic regeneration
Stlth  ++........               (no ring)
                                (no ring)

@: very slightly contaminated, not resistant to hostile enchantments, unstealthy
A: claws 1
a: no special abilities


You were on level 1 of the Dungeon.
You were not hungry.

You visited 1 branch of the dungeon, and saw 1 of its levels.

Inventory:

Hand Weapons
 h - a +0 club (weapon)
Missiles
 i - 12 stones (quivered)
Armour
 a - a +0 robe (worn)
Jewellery
 g - an amulet of magic regeneration (around neck)
Scrolls
 k - a scroll of fear {unknown}
Potions
 f - a potion of mutation {unknown}
Books
 b - a book of Flames

   Spells                             Type                      Level
   a - Flame Tongue                   Conjuration/Fire             1
   b - Throw Flame                    Conjuration/Fire             2
   c - Conjure Flame                  Conjuration/Fire             3
   d - Inner Flame                    Hexes/Fire                   3
   e - Sticky Flame                   Conjuration/Fire             4
   f - Fireball                       Conjuration/Fire             5
Comestibles
 e - a bread ration {@e1}
 j - a beef jerky


   Skills:
 - Level 1.7 Dodging
 - Level 1.7 Stealth
 + Level 2.1 Spellcasting
 * Level 1.5 Conjurations
 * Level 2.9 Fire Magic


You had 4 spell levels left.
You knew the following spells:

 Your Spells              Type           Power        Failure   Level  Hunger
a - Flame Tongue          Conj/Fire      #....        10%         1    #......


Dungeon Overview and Level Annotations

Branches:
Dungeon (1/15)

Altars:


Innate Abilities, Weirdness & Mutations

You have sharp fingernails.


Message History

Aiming: Flame Tongue
Press: ? - help, Shift-Dir - straight line, f - hobgoblin, p - hobgoblin
Aim: a hobgoblin The flame tongue misses the hobgoblin.
The flame tongue hits the goblin.
You kill the goblin!
The hobgoblin barely misses you.
You now have 0/3 mp.
You see here a giant cockroach corpse.
MP restored: 3
Casting: Flame Tongue
Confirm with . or Enter, or press ? or * to list all spells.
Aiming: Flame Tongue
Press: ? - help, Shift-Dir - straight line, f/p - hobgoblin
Aim: a hobgoblin The flame tongue hits the hobgoblin.
The hobgoblin is lightly wounded.
The hobgoblin hits you.
You take 2 damage, and have 11/13 hp.
You now have 2/3 mp.
Casting: Flame Tongue
Confirm with . or Enter, or press ? or * to list all spells.
Aiming: Flame Tongue
Press: ? - help, Shift-Dir - straight line, f/p - hobgoblin
Aim: a hobgoblin The flame tongue hits the hobgoblin.
You kill the hobgoblin!
You now have 1/3 mp.
Casting: Flame Tongue
Confirm with . or Enter, or press ? or * to list all spells.
Aiming: Flame Tongue
Press: ? - help, Shift-Dir - straight line, f/p - hobgoblin
Aim: a hobgoblin You miscast Flame Tongue.
You are very lightly contaminated with residual magic.
Nothing appears to happen.
The hobgoblin hits you but does no damage.
Casting: Flame Tongue
Confirm with . or Enter, or press ? or * to list all spells.
Aiming: Flame Tongue
Press: ? - help, Shift-Dir - straight line, f/p - hobgoblin
Aim: a hobgoblin You miscast Flame Tongue.
Nothing appears to happen.
The hobgoblin hits you.
You take 2 damage, and have 9/13 hp.
You now have 0/3 mp.
You see here a hobgoblin skeleton.
There is an open door here.
Casting: Flame Tongue
Confirm with . or Enter, or press ? or * to list all spells.
Aiming: Flame Tongue
Press: ? - help, Shift-Dir - straight line, f/p - hobgoblin
Aim: a hobgoblin The flame tongue hits the hobgoblin.
The hobgoblin is heavily wounded.
The hobgoblin closely misses you.
You now have 0/3 mp.
Casting: Flame Tongue
Confirm with . or Enter, or press ? or * to list all spells.
You don't have enough magic to cast that spell.
Unknown command.
Casting: Flame Tongue
Confirm with . or Enter, or press ? or * to list all spells.
Aiming: Flame Tongue
Press: ? - help, Shift-Dir - straight line, f/p - hobgoblin
Aim: a hobgoblin (heavily wounded)
The flame tongue hits the hobgoblin.
The hobgoblin is severely wounded.
The hobgoblin hits you.
You take 1 damage, and have 9/13 hp.
You now have 0/3 mp.
The hobgoblin hits you.
You take 3 damage, and have 6/13 hp.
MASSIVE DAMAGE!!
There is an open door here.
MP restored: 3
Casting: Flame Tongue
Confirm with . or Enter, or press ? or * to list all spells.
Aiming: Flame Tongue
Press: ? - help, Shift-Dir - straight line, f/p - hobgoblin
Aim: a hobgoblin (heavily wounded)
The flame tongue hits the hobgoblin.
The hobgoblin appears unharmed.
The hobgoblin is heavily wounded.
The hobgoblin closely misses you.
You now have 2/3 mp.
Casting: Flame Tongue
Confirm with . or Enter, or press ? or * to list all spells.
Aiming: Flame Tongue
Press: ? - help, Shift-Dir - straight line, f/p - hobgoblin
Aim: a hobgoblin (heavily wounded)
The flame tongue misses the hobgoblin.
The hobgoblin hits you.
* * * LOW HITPOINT WARNING * * *
You take 1 damage, and have 5/13 hp.
You now have 1/3 mp.
Casting: Flame Tongue
Confirm with . or Enter, or press ? or * to list all spells.
Aiming: Flame Tongue
Press: ? - help, Shift-Dir - straight line, f/p - hobgoblin
Aim: a hobgoblin (heavily wounded)
The flame tongue hits the hobgoblin.
You kill the hobgoblin!
You have reached level 2!
You feel monstrous as your demonic heritage exerts itself.
Your demonic ancestry asserts itself...
Your fingernails lengthen.
You regained 3 hp, and now have 8/19 hp.
Are you sure you want to abandon this character and quit the game? (Confirm with "yes".) ███ █..........█ █.███8..8..8...█ █..÷∆.........<█ █.███8..8..8...█ █.█ █...÷......█ █.█ ███████.█8.█ █†█ █∆████ █.█ █†█ █.█ ██████@█

█ █.████...██.█ █.
█.........█.█
...█████.......█.█
...............█.█
........g........█
.█████.†........██
....██.█......█.█
.██.........███..█


There were no monsters in sight!

Vanquished Creatures
  2 giant cockroaches (D:1)
  3 hobgoblins (D:1)
  A bat (D:1)
  2 goblins (D:1)
8 creatures vanquished.

Notes
Turn   | Place    | Note
--------------------------------------------------------------
     0 | D:1      | Goblin1989 the Demonspawn Fire Elementalist began the quest for the Orb.
     0 | D:1      | Reached XP level 1. HP: 13/13 MP: 3/3
   317 | D:1      | Gained mutation: You have sharp fingernails. [demonic ancestry]
   317 | D:1      | Reached XP level 2. HP: 8/19 MP: 0/5
   318 | D:1      | Quit the game

Action                   || total
-------------------------++-------
 Cast: Flame Tongue      ||    20
Armor: Robe              ||     4
Dodge: Dodged            ||    11

Vault maps used:
D:1:      elethiomel_arrival_quiet, st_stairs_9
